 Dungeon Crawl Stone Soup version 0.27-a0-1245-g940ed4fa31 (webtiles) character file.

Game seed: 10106053292727317652

2943 quinnr the Nimble (level 9, -8/48 HPs)
             Began as a Vampire Necromancer on June 9, 2021.
             Was a Follower of Kikubaaqudgha.
             Mangled by a slime creature (14 damage)
             ... on level 7 of the Dungeon on June 10, 2021.
             The game lasted 00:31:06 (10983 turns).

quinnr the Nimble (Vampire Necromancer)            Turns: 10983, Time: 00:31:06

Health: -8/48      AC:  2    Str:  7    XL:     9   Next: 51%
Magic:  1/24       EV: 16    Int: 21    God:    Kikubaaqudgha [*.....]
Gold:   333        SH:  0    Dex: 14    Spells: 2/16 levels left

rFire    . . .     SeeInvis +   q - +3 dagger (elec)
rCold    + + .     Faith    .   (no shield)
rNeg     + + +     Spirit   .   a - +0 robe
rPois    ∞         Reflect  .   (no helmet)
rElec    .         Harm     .   (no cloak)
rCorr    .         Rampage  .   (no gloves)
Will     .....                  (no boots)
Stlth    ++++......             (no amulet)
HPRegen  0.00/turn              t - ring of magical power
MPRegen  0.19/turn              D - ring of wizardry

@: bloodless, studying Dodging
A: bloodless, fangs 3, see invisible, vampiric 2
a: Bat Form, Revivify, Renounce Religion, Receive Corpses


You were on level 7 of the Dungeon.
You worshipped Kikubaaqudgha.
Kikubaaqudgha was aware of your devotion.
You visited 2 branches of the dungeon, and saw 8 of its levels.

You collected 333 gold pieces.

Inventory:

Hand Weapons
 p - a +0 falchion
 q - a +3 dagger of electrocution (weapon)
Missiles
 h - 68 stones
Armour
 a - a +0 robe (worn)
 g - a +1 helmet
Jewellery
 t - a ring of magical power (left hand)
 D - a ring of wizardry (right hand)
 G - a ring of wizardry
Wands
 j - a wand of acid (7)
 m - a wand of polymorph (11)
 x - a wand of charming (7)
 A - a wand of iceblast (8)
 H - a wand of paralysis (9)
Scrolls
 d - a scroll of silence
 n - a scroll of vulnerability {unknown}
 o - a scroll of magic mapping {unknown}
 r - a scroll of enchant armour {unknown}
 s - a scroll of holy word {unknown}
 y - a scroll of blinking {unknown}
 B - a scroll of fog {unknown}
 C - 3 scrolls of amnesia
 F - a scroll of fear {unknown}
 J - 2 scrolls of noise {unknown}
Potions
 b - a potion of magic
 c - a potion of might {unknown}
 e - 2 potions of resistance
 f - a potion of flight
 i - 6 potions of curing
 k - a potion of mutation
 l - 3 potions of haste
 u - a potion of brilliance {unknown}
 v - a potion of attraction {unknown}
 w - a potion of cancellation {unknown}
 z - 3 potions of lignification
 E - a potion of heal wounds
 I - a potion of degeneration {unknown}


   Skills:
 - Level 2.0 Fighting
 - Level 2.0 Short Blades
 + Level 8.4 Dodging
 - Level 3.0 Stealth
 + Level 4.3 Spellcasting
 + Level 3.6 Conjurations
 - Level 7.3 Necromancy
 + Level 4.9 Air Magic
 - Level 4.0 Poison Magic
 - Level 3.0 Evocations


You had 2 spell levels left.
You knew the following spells:

 Your Spells              Type           Power      Damage    Failure   Level
a - Pain                  Necr           100%       1d9       1%          1
b - Blink                 Tloc           N/A        N/A       7%          2
c - Vampiric Draining     Necr           17%        2d8       1%          3
d - Agony                 Necr           35%        N/A       6%          5
e - Mephitic Cloud        Conj/Pois/Air  22%        N/A       2%          3

Your spell library contained the following spells:

 Spells                   Type           Power      Damage    Failure   Level
 Animate Skeleton         Necr           70%        N/A       1%          1
 Magic Dart               Conj           76%        1d6       1%          1
 Corpse Rot               Necr/Air       N/A        N/A       1%          2
 Foxfire                  Conj/Fire      48%        2x1d6     2%          1
 Freeze                   Ice            16%        1d4       4%          1
 Call Imp                 Summ           4%         N/A       7%          2
 Slow                     Hex            4%         N/A       7%          2
 Animate Dead             Necr           17%        N/A       2%          4
 Conjure Flame            Conj/Fire      12%        6-21      7%          3
 Frozen Ramparts          Ice            8%         1d2       14%         3
 Inner Flame              Hex/Fire       4%         N/A       14%         3
 Ozocubu's Armour         Ice            4%         N/A       14%         3
 Hailstorm                Conj/Ice       12%        3d5       22%         4
 Sticky Flame             Conj/Fire      12%        2d4       22%         4
 Fireball                 Conj/Fire      6%         3d5       50%         5
 Metabolic Englaciation   Hex/Ice        2%         N/A       75%         5


Dungeon Overview and Level Annotations

Branches:
Dungeon (7/15)             Temple (1/1) D:4

Altars:
Dithmenos
Fedhas
Gozag
Hepliaklqana
Kikubaaqudgha
Makhleb
Nemelex Xobeh
Okawaru
Qazlal
Ru
Sif Muna
Xom
Yredelemnul
The Shining One


Innate Abilities, Weirdness & Mutations

You do not regenerate when monsters are visible.
You are frail without blood (-20% HP).
You can heal yourself when you bite living creatures.
You are immune to poison.
You have razor-sharp teeth.
You have supernaturally acute eyesight. (SInv)
You are afflicted with vampirism and can become a bat while bloodless.


Message History

Press: ? - help, Shift-Dir - straight line, f/p - slime creature
Aim: a slime creature (severely wounded)
You draw life force from the slime creature!
You feel life coursing into your body. The slime creature misses you.
The howler monkey hoots and howls with incredible vigour!
You hear a shout!
Casting: Vampiric Draining (safe; 1% risk of failure)
Confirm with . or Enter, or press ? or * to list all spells.
Aiming: Vampiric Draining (safe; 1% risk of failure)
Press: ? - help, Shift-Dir - straight line, f/p - slime creature
Aim: a slime creature (severely wounded)
You draw life force from the slime creature!
You feel life coursing into your body. The slime creature hits you!
Unknown command.
You barely miss the slime creature.
The slime creature is almost dead.
The slime creature hits you!!
You barely miss the slime creature. Your bite misses the slime creature.
The slime creature is almost dead.
The slime creature hits you!
* * * LOW HITPOINT WARNING * * *
Unknown command.
Casting: Vampiric Draining (safe; 1% risk of failure)
Confirm with . or Enter, or press ? or * to list all spells.
You don't have enough magic to cast this spell.
Unknown command.
Casting: Vampiric Draining (safe; 1% risk of failure)
Confirm with . or Enter, or press ? or * to list all spells.
Aiming: Pain (safe; 1% risk of failure)
Press: ? - help, Shift-Dir - straight line, f/p - slime creature
Aim: a slime creature (almost dead, chance to affect: 71%)
The slime creature struggles to resist.
The howler monkey hoots and howls with incredible vigour!
The slime creature closely misses you.
You hear a shout!
You hit the slime creature.
The slime creature is almost dead.
The slime creature hits you!
You die...
Kikubaaqudgha rasps: "You have failed me!
Welcome... oblivion!"

#.##.#.# #.# #.##.#.#
#.# #.##.#.# #.###
#.####.#.# ######....
#.##.....#.........##
#.##.###.#.######..##
#.##...#... #...^
#.##.#.# '## #..##
#.##@#.# !$ #...#
#.##J# # )# #.#..
#.##h# ## #...#
#.##.# #...# #.####
#...#
#.###############...#
#...................#
#######.######......#
#...# #......#


You could see a slime creature and a howler monkey (catching breath).

Vanquished Creatures
  A steam dragon (D:6)
  3 orc warriors
  An ice beast (D:5)
  2 sky beasts (D:5)
  2 necrophages
  3 black bears
  4 ogres
  3 bullfrogs
  4 scorpions
  2 water moccasin zombies (D:5)
  A water moccasin skeleton (D:5)
  2 howler monkeys (D:7)
  A centaur zombie (D:5)
  A bullfrog zombie (D:6)
  3 hounds
  2 jellies (D:7)
  An orc priest (D:5)
  A bullfrog skeleton (D:7)
  3 iguanas
  Ijyb (D:3)
  Natasha (D:3)
  7 orc wizards
  7 adders
  6 gnolls
  2 shadow imps
  A white imp (D:5)
  A worm (D:3)
  A dart slug (D:1)
  24 orcs
  2 bats
  8 endoplasms
  7 giant cockroaches
  8 goblins
  5 hobgoblins
  6 jackals
  11 kobolds
  2 quokkas
  10 ball pythons
  2 frilled lizards
  3 rats
  A spectral hobgoblin (D:6)
  A butterfly (D:6)
157 creatures vanquished.

Vanquished Creatures (collateral kills)
  An adder (D:3)
  A goblin (D:1)
2 creatures vanquished.

Grand Total: 159 creatures vanquished

Notes
Turn   | Place    | Note
-------+----------+-------------------------------------------
     0 | D:1      | quinnr the Vampire Necromancer began the quest for the Orb.
     0 | D:1      | Reached XP level 1. HP: 13/13 MP: 3/3
   240 | D:1      | Reached XP level 2. HP: 16/19 MP: 0/5
   330 | D:1      | Reached skill level 5 in Necromancy
   379 | D:1      | Learned a level 1 spell: Animate Skeleton
  1158 | D:2      | Gained mutation: You are afflicted with vampirism and can
                  | become a bat while bloodless. [Vampire growth]
  1158 | D:2      | Reached XP level 3. HP: 22/24 MP: 1/7
  1463 | D:2      | Learned a level 3 spell: Vampiric Draining
  1500 | D:2      | Found a faded altar of an unknown god.
  1619 | D:2      | Found a stormy altar of Qazlal.
  1821 | D:2      | Reached skill level 1 in Fighting
  1821 | D:2      | Reached XP level 4. HP: 28/32 MP: 3/8
  1922 | D:2      | quinnr: ??vampire
  1922 | D:2      | beem: vampire[1/3]: A partially {undead} species with alive
                  | and bloodless states that can be toggled via their
                  | exsanguinate/revivify abilties. See {vampire[2]} for
                  | details on alive and bloodless. Also a type of monster
                  | found in later Dungeon that casts {vampiric drain},
                  | {confuse}, and {invisibility}, and comes in {vampire
                  | knight} and {vampire mage} varieties.
  1922 | D:2      | quinnr: ??vampire[2
  1922 | D:2      | beem: vampire[2/3]: When alive, vampires have fast regen,
                  | normal max HP, and can berserk, change forms, and mutate.
                  | When bloodless, they can use {bat form}, gain HP when
                  | {biting} living monsters, and gain stealth++, rC++, rN+++,
                  | torment and miasma resistance. They lose 20% max HP, are
                  | susceptible to {dispel undead}, and can't berserk, change
                  | form, or mutatate.
  3018 | D:3      | Noticed a bullfrog
  3210 | D:3      | Noticed Natasha
  3213 | D:3      | Noticed Ijyb
  3215 | D:3      | Killed Natasha
  3216 | D:3      | Reached XP level 5. HP: 29/29 MP: 2/9
  3222 | D:3      | Killed Ijyb
  3223 | D:3      | Reached skill level 1 in Evocations
  3907 | D:3      | Reached XP level 6. HP: 31/34 MP: 1/10
  4258 | D:3      | Learned a level 5 spell: Agony
  4332 | D:4      | quinnr: ??necromancy
  4332 | D:4      | beem: necromancy[1/4]: Governs spells that make undead
                  | things, or suck life force out of your enemies. Casting
                  | them pisses "good" gods off. Has a number of excellent
                  | combo spells. Many necromantic spells require corpses,
                  | which are not available in all parts of the dungeon.
  4332 | D:4      | quinnr: ??necromancy[2
  4332 | D:4      | beem: book of necromancy[1/2]: Necromancers' starting book.
                  | Contains Pain, Animate Skeleton, Vampiric Draining, Animate
                  | Dead, and Agony.
  4332 | D:4      | quinnr: ??necromancy[3
  4332 | D:4      | beem: list of spells by school[9/12]: Poison: sting,
                  | poisonous vapours, mephitic cloud, spider form, ignite
                  | poison, alistair's intoxication, olgreb's toxic radiance,
                  | eringya's toxic bog
  4332 | D:4      | quinnr: ??necromancy[4
  4332 | D:4      | beem: necromancy[4/4]: Really high necromancy improves
                  | {death's door} and {borgnjor's revivification}, and also
                  | raises the power of a few great spells like {dispel
                  | undead}. It also increases damage dealt by the {pain
                  | brand}.
  4332 | D:4      | quinnr: !ftw Vampire
  4332 | D:4      | beem: Vp??
  4332 | D:4      | quinnr: !whichgod VpNc
  4332 | D:4      | beem: No keyword 'VpNc'
  4332 | D:4      | quinnr: @ftw Necromancer
  4332 | D:4      | quinnr: !ftw Necromancer
  4332 | D:4      | beem: ??Ne
  4332 | D:4      | quinnr: !whichgod VpNe
  4332 | D:4      | beem: 12 recent wins for VpNe: 4x Kikubaaqudgha, 2x Gozag,
                  | Ashenzari, Cheibriados, Dithmenos, Wu Jian, Yredelemnul,
                  | Lugonu
  5147 | D:4      | Reached XP level 7. HP: 28/39 MP: 7/12
  5242 | D:4      | Reached skill level 3 in Dodging
  5433 | D:3      | Reached skill level 4 in Dodging
  5710 | D:4      | Found a staircase to the Ecumenical Temple.
  5722 | Temple   | Entered the Ecumenical Temple
  5785 | Temple   | Became a worshipper of Kikubaaqudgha
  6009 | D:4      | Found a basalt altar of Yredelemnul.
  6333 | D:5      | Entered Level 5 of the Dungeon
  6343 | D:5      | Reached skill level 6 in Dodging
  6554 | D:5      | HP: 4/40 [water moccasin zombie (1)]
  6973 | D:5      | Reached skill level 1 in Short Blades
  7017 | D:5      | Reached skill level 7 in Dodging
  7017 | D:5      | Reached XP level 8. HP: 35/44 MP: 9/14
  7110 | D:5      | quinnr: !apt Vp
  7110 | D:5      | beem: Vp: Fighting: -1, Short: 1, Long: 0, Axes: -1, Maces:
                  | -2, Polearms: -1, Staves: -2, Slings: -2, Bows: -2, Xbows:
                  | -2, Throw: -2, Armour: -2, Dodge: 1, Stealth: 5, Shields:
                  | -1, UC: 1, Splcast: -1, Conj: -3*, Hexes: 4, Charms: N/A,
                  | Summ: 0, Nec: 1, Tloc: -2, Tmut: 1, Fire: -2, Ice: 0, Air:
                  | 0, Earth: 0, Poison: -1, Inv: -1*, Evo: -1, Exp: -1, HP: 0,
                  | MP: 0
  7114 | D:5      | Learned a level 3 spell: Mephitic Cloud
  7152 | D:5      | Reached skill level 1 in Air Magic
  7152 | D:5      | Reached skill level 1 in Poison Magic
  7219 | D:5      | Reached skill level 1 in Conjurations
  7393 | D:5      | Reached skill level 8 in Dodging
  8282 | D:5      | Found an iron altar of Okawaru.
  8477 | D:6      | Learned a level 2 spell: Blink
  8560 | D:6      | Reached XP level 9. HP: 48/48 MP: 5/15
  8946 | D:6      | Reached * piety under Kikubaaqudgha
  8946 | D:6      | Identified Kikubaaqudgha's Incunabulum of Evil
                  | (Kikubaaqudgha gifted it to you on level 6 of the Dungeon)
  8946 | D:6      | Received a gift from Kikubaaqudgha
  9872 | D:6      | Found a shimmering altar of Xom.
 10106 | D:6      | Found a hazy altar of Hepliaklqana.
 10983 | D:7      | Mangled by a slime creature

Illustrated notes

Levels and vault maps discovered:
D:1:      dpeg_arrival_arbitrary_b, layout_basic, minmay_pentomino_q4
D:2:      layout_loops_cross, ebering_ecumenical_altar_abandoned, basic_altar,
          chequers_mini_garden
D:3:      layout_loops_corners, uniq_natasha, uniq_ijyb
D:4:      layout_rooms, lemuel_tele_altar, minmay_temple_entry_ruins,
          minmay_diced_spiral
D:5:      layout_basic, lemuel_round_altar, hangedman_minor_gate_pass
D:6:      layout_basic, nicolae_hepliaklqana_monster_ancestors, xom_butterflies
D:7:      layout_loops_cross, jmf_multi_god_temple2,
          amcnicky_mini_rare_corridor_liquid, kennysheep_flooded_box,
          grunt_decor_mini_mirrors, wad_mini_maze
Temple:   dpeg_three_leaves_temple

Skill      XL: |  1  2  3  4  5  6  7  8  9 |
---------------+----------------------------+-----
Necromancy     | 5 6 7 |  7.3
Spellcasting   | 3 4 |  4.3
Fighting       | 1 2 |  2.0
Evocations     | 2 3 |  3.0
Dodging        | 7 8 |  8.4
Short Blades   | 1 2 |  2.0
Air Magic      | 3 4 |  4.9
Poison Magic   | 3 4 |  4.0
Conjurations   | 2 3 |  3.6
Stealth        | |  3.0

Action                   |  1- 3 |  4- 6 |  7- 9 || total
-------------------------+-------+-------+-------++-------
Melee: Unarmed           |    13 |       |       ||    13
       Bite              |     3 |     1 |     2 ||     6
       Falchion          |       |    11 |       ||    11
       Dagger            |       |       |    71 ||    71
Throw: Stone             |       |     3 |     6 ||     9
 Cast: Pain              |    69 |    75 |   128 ||   272
       Animate Skeleton  |     9 |     8 |     4 ||    21
       Vampiric Draining |       |    20 |    55 ||    75
       Agony             |       |       |    12 ||    12
       Mephitic Cloud    |       |       |    13 ||    13
       Blink             |       |       |     2 ||     2
 Abil: Exsanguinate      |       |     1 |       ||     1
Evoke: Wand              |       |     4 |     3 ||     7
  Use: Scroll            |       |     4 |     6 ||    10
       Potion            |       |     2 |     1 ||     3
 Stab: Sleeping          |       |       |     1 ||     1
Armor: Robe              |    10 |     7 |    13 ||    30
Dodge: Dodged            |    28 |    24 |    93 ||   145
       Rpst.: Falchion   |       |     5 |     1 ||     6

Table legend: (Time is in decaauts)
 A = Elapsed time spent in this place.
 B = Non-inter-level travel time spent in this place.
 C = Inter-level travel time spent in this place.
 D = Time resting spent in this place.
 E = Time spent auto-exploring this place.
 F = Levels seen in this place.
 G = Mean time per level.
                   A        B        C        D        E       F      G
               +--------+--------+--------+--------+--------+-----+--------+
         Total |  11004 |  10554 |    450 |   2280 |   6503 |   8 | 1375.5 |
       Dungeon |  10928 |  10496 |    432 |   2280 |   6447 |   7 | 1561.1 |
        Temple |     75 |     57 |     18 |      0 |     56 |   1 |   75.0 |
               +--------+--------+--------+--------+--------+-----+--------+

Top non-repeatable levels by time:
     D:3: 2581 daAuts
     D:5: 1965 daAuts
     D:4: 1660 daAuts
     D:6: 1628 daAuts
     D:2: 1318 daAuts
     D:1: 1116 daAuts
     D:7: 656 daAuts
  Temple: 75 daAuts
